[Event "Team 45 45 League T55"]
[Site "Internet Chess Club"]
[Date "2012.12.11"]
[Round "4"]
[White "krysto"]
[Black "Juan73"]
[Result "0-1"]
[WhiteElo "1620"]
[BlackElo "1672"]
[Opening "Queen's pawn, Mason variation"]
[ECO "D00"]
[Time "16:07:26"]
[TimeControl "2700+45"]

1. d4 d5 2. Bf4 Nf6 3. e3 Nc6 4. Nf3 Bg4 5. Nbd2 Nh5 6. Bg3 Nxg3 7. hxg3 e5 8.
dxe5 Nxe5 9. c3 Qd7 10. Be2 Bd6 11. Nxe5 Bxe2 12. Qxe2 Bxe5 13. Nf3 Bf6 14.
O-O-O O-O-O 15. Qc2 h6 16. e4 Qc6 17. e5 Be7 18. Qf5+ Qe6 19. Qxe6+ fxe6 20. Nd4
Kd7 21. f4 c5 22. Nf3 g5 23. Rh5 gxf4 24. gxf4 Rdf8 25. g3 Rfg8 26. Rg1 Rg6 27.
Nd2 Rf8 28. Nf3 Ke8 29. Kc2 Kf7 30. Kd3 Kg7 31. Ke2 Rg4 32. Rgh1 Rxg3 33. Rxh6
Rxf4 34. Rh7+ Kf8 35. Rh8+ Rg8 36. R1h7 Rxh8 37. Rxh8+ Kg7 38. Rb8 Kg6 39. Rxb7
Bg5 40. Rxa7 Re4+ 41. Kf2 Bc1 42. Rb7 Be3+ 43. Kg2 Bf4 44. Rb6 Kf5 45. Rb5 Kg4
46. Ng1 Be3 47. b3 Rxe5 48. Rb8 Kf4 49. Nf3 Rf5 50. a4 Ke4 51. a5 Rxf3 52. a6
Rf2+ 53. Kg3 Ra2 54. Rb6 e5 55. Rg6 Kd3 56. b4 Kxc3 57. b5 c4 58. Kf3 Bd4 59. b6
Bxb6 60. Rxb6 Kd2 61. Rh6 Ra3+ 62. Kg4 c3 63. Rh2+ Kc1 64. Kf3 c2+ {White
resigns} 0-1

[Event "Team 45 45 League T55"]
[Site "Internet Chess Club"]
[Date "2012.12.07"]
[Round "4"]
[White "g8wrb"]
[Black "whiskeytown"]
[Result "0-1"]
[WhiteElo "1417"]
[BlackElo "1571"]
[Opening "Pirc: Austrian attack, 6.Be3"]
[ECO "B09"]
[Time "12:05:27"]
[TimeControl "2700+45"]

1. e4 d6 2. d4 Nf6 3. Nc3 g6 4. f4 Bg7 5. Nf3 O-O 6. Be3 b6 7. Qd2 Bb7 8. Bd3
Na6 9. a3 c5 10. d5 Nc7 11. h3 e6 12. dxe6 Nxe6 13. f5 Nc7 14. fxg6 hxg6 15.
O-O-O d5 16. Bh6 dxe4 17. Bxg7 Kxg7 18. Bxe4 Nxe4 19. Qe3 Qe8 20. Rhe1 Nf6 21.
Qf4 Qb8 22. Rd6 Ncd5 23. Nxd5 Nxd5 24. Qe5+ Kg8 25. Rxd5 Bxd5 26. Qxd5 Qf4+ 27.
Kb1 Rfe8 28. Ne5 Rad8 29. Qf3 Qxf3 30. Nxf3 Rxe1+ 31. Nxe1 Rd1+ {White resigns}
0-1

[Event "Team 45 45 League T55"]
[Site "Internet Chess Club"]
[Date "2012.12.09"]
[Round "4"]
[White "Andaluz"]
[Black "tamky70"]
[Result "1/2-1/2"]
[WhiteElo "1081"]
[BlackElo "1403"]
[Opening "French: Rubinstein variation"]
[ECO "C10"]
[Time "13:30:55"]
[TimeControl "2700+45"]

1. e4 e6 2. d4 d5 3. Nc3 dxe4 4. Nxe4 Nf6 5. Bd3 Be7 6. Nf3 Nc6 7. c3 Qd5 8. Qe2
a6 9. h3 b6 10. Bf4 Qd7 11. a3 Nd5 12. Bg3 Bb7 13. Ne5 Nxe5 14. dxe5 c5 15. Rd1
O-O 16. Bc2 Qb5 17. Bd3 Qc6 18. f3 f5 19. exf6 Nxf6 20. Nxf6+ Bxf6 21. O-O Rad8
22. Bc2 Rxd1 23. Rxd1 Rd8 24. Rxd8+ Bxd8 25. Qd3 Qd5 26. Qxh7+ Kf7 27. Bg6+
{Game drawn by mutual agreement} 1/2-1/2

[Event "Team 45 45 League T55"]
[Site "Internet Chess Club"]
[Date "2012.12.08"]
[Round "4"]
[White "Tjet"]
[Black "BrerRabbit"]
[Result "0-1"]
[WhiteElo "1467"]
[BlackElo "1491"]
[Opening "English opening"]
[ECO "A16"]
[Time "19:04:26"]
[TimeControl "2700+45"]

1. c4 Nf6 2. Nc3 g6 3. g3 Bg7 4. Bg2 O-O 5. e4 d6 6. d4 c5 7. d5 Bg4 8. Nf3 Na6
9. a3 Nc7 10. h3 Bd7 11. O-O a6 12. a4 b5 13. axb5 axb5 14. Rxa8 Qxa8 15. cxb5
Nxb5 16. Nxb5 Bxb5 17. Re1 Rb8 18. Bg5 h6 19. Bxf6 exf6 20. Re3 Rb7 21. Ra3 Ra7
22. Rxa7 Qxa7 23. Bf1 Qa4 24. Qxa4 Bxa4 25. Bc4 Bc2 26. Nd2 f5 27. exf5 Bxf5 28.
g4 Bc2 29. b3 Bc3 30. Nf1 Kg7 31. Ne3 Be4 32. Nd1 Bd4 33. Ne3 Kf6 34. Kh2 Ke5
35. Kg3 Bxe3 36. fxe3 Bxd5 37. Bxd5 Kxd5 38. Kf4 f6 39. h4 Ke6 40. e4 g5+ 41.
hxg5 hxg5+ 42. Kf3 d5 43. exd5+ Kxd5 44. Ke3 Ke5 45. Kd3 Kf4 46. Kc4 Kxg4 47.
Kxc5 Kf5 48. b4 g4 49. b5 g3 50. b6 g2 51. b7 g1=Q+ 52. Kc6 Qg3 {White resigns}
0-1

[Event "Team 45 45 League T55"]
[Site "Internet Chess Club"]
[Date "2012.12.10"]
[Round "4"]
[White "MeansToAnEnd"]
[Black "stanbeers"]
[Result "0-1"]
[WhiteElo "1454"]
[BlackElo "1414"]
[Opening "Dutch defense, Rubinstein variation"]
[ECO "A40"]
[Time "20:00:26"]
[TimeControl "2700+45"]

1. d4 e6 2. c4 f5 3. Nc3 Nf6 4. Bf4 Be7 5. Nf3 d6 6. e3 O-O 7. Be2 a6 8. O-O Qe8
9. a3 Ne4 10. Qc2 Nxc3 11. Qxc3 Nd7 12. Rac1 Nf6 13. Ng5 h6 14. Nf3 Ne4 15. Qb3
Qg6 16. h3 Kh8 17. Bd3 Rb8 18. Bxe4 fxe4 19. Nd2 e5 20. Bg3 exd4 21. exd4 Be6
22. d5 Bf5 23. Rfe1 Bg5 24. Rcd1 e3 25. fxe3 Bc2 26. Qc3 Bxd1 27. Rxd1 Bf6 28.
Qa5 Qxg3 29. Qxc7 Qxe3+ 30. Kh1 Be5 31. Nf3 Rbe8 32. Nh4 Qg3 33. Nf3 Rxf3 {White
resigns} 0-1

[Event "Team 45 45 League T55"]
[Site "Internet Chess Club"]
[Date "2012.12.10"]
[Round "4"]
[White "Chess-Dream"]
[Black "DarkFlow"]
[Result "1-0"]
[WhiteElo "2107"]
[BlackElo "1875"]
[Opening "English opening"]
[ECO "A05"]
[Time "14:10:56"]
[TimeControl "2700+45"]

1. Nf3 Nf6 2. c4 b6 3. g3 c5 4. Bg2 Bb7 5. O-O g6 6. Nc3 Bg7 7. d4 cxd4 8. Qxd4
d6 9. Rd1 Nbd7 10. Bg5 O-O 11. Qh4 Rc8 12. b3 a6 13. Rac1 Rc5 14. Na4 Ra5 15.
Nc3 Rc5 16. Ne1 Bxg2 17. Kxg2 Ne5 18. Nd5 Re8 19. Nxf6+ Bxf6 20. Bxf6 exf6 21.
Qd4 Qa8+ 22. Kg1 Re6 23. Ng2 g5 24. Ne3 {Black resigns} 1-0

[Event "Team 45 45 League T55"]
[Site "Internet Chess Club"]
[Date "2012.12.08"]
[Round "4"]
[White "Constrictor"]
[Black "WillC"]
[Result "1/2-1/2"]
[WhiteElo "1701"]
[BlackElo "1829"]
[Opening "Queen's pawn game, Darooha variation "]
[ECO "D02"]
[Time "16:00:38"]
[TimeControl "2700+45"]

1. Nf3 d5 2. d4 Nf6 3. c4 e6 4. a3 Be7 5. g3 O-O 6. Qc2 b6 7. Bg2 Bb7 8. O-O
Nbd7 9. Nbd2 Rc8 10. b4 c5 11. bxc5 bxc5 12. Bb2 Qa5 13. Ne5 Rc7 14. Nxd7 Nxd7
15. Rfc1 Rfc8 16. cxd5 cxd4 17. Qd1 e5 18. Rxc7 Rxc7 19. Rc1 Rxc1 20. Qxc1 Bxd5
21. Bxd5 Qxd5 22. Qc7 a5 23. Nc4 a4 24. e4 dxe3 25. Nxe3 Qd6 26. Qc8+ Bf8 27.
Nc4 Qd1+ 28. Kg2 Qd5+ 29. Kg1 f6 30. Bc3 Kf7 31. Qc7 Kg6 32. Ne3 Qd6 33. Qd8 h6
34. Bb4 Nc5 35. Qe8+ Kh7 36. Nf5 Qd1+ 37. Kg2 Qd5+ 38. Kg1 Qd1+ 39. Kg2 Qd5+ 40.
Kg1 Qd1+ 41. Kg2 {Game drawn by repetition} 1/2-1/2

[Event "Team 45 45 League T55"]
[Site "Internet Chess Club"]
[Date "2012.12.08"]
[Round "4"]
[White "Innes"]
[Black "ghostfire"]
[Result "1-0"]
[WhiteElo "1710"]
[BlackElo "1728"]
[Opening "Sicilian: Smith-Morra gambit"]
[ECO "B21"]
[Time "18:05:34"]
[TimeControl "2700+45"]

1. e4 c5 2. d4 cxd4 3. c3 dxc3 4. Nxc3 a6 5. Bc4 Nc6 6. Nf3 e6 7. O-O Bc5 8. e5
h6 9. Ne4 Be7 10. Nd6+ Bxd6 11. exd6 Nf6 12. Bf4 O-O 13. Rc1 Qb6 14. Bb3 Qb4 15.
Rc4 Qa5 16. Qc1 Qh5 17. Rc5 Nd5 18. Bxd5 exd5 19. Rd1 Qg6 20. Rdxd5 Nb4 21. Ne5
Qe6 22. Rd1 b6 23. Rc7 Nd5 24. Rc4 Nxf4 25. Qxf4 Bb7 26. h3 Rac8 27. Rc7 Rxc7
28. dxc7 d6 29. Nc4 g5 30. Qg3 Qxc4 31. Rxd6 Qc1+ 32. Kh2 Qf4 33. Qxf4 gxf4 34.
Rxb6 Bc8 35. Rxh6 Kg7 36. Rd6 f6 37. Rd8 Kf7 38. Rd4 f3 39. g3 Re8 40. h4 Re2
41. Rd8 Re8 42. b4 Ke7 43. Rd3 Bb7 44. a4 Rc8 45. Rc3 Kd7 46. g4 Rxc7 47. Rd3+
Ke6 48. Rd4 Ke5 49. Rd8 Rc4 50. Kg3 Rxb4 51. a5 Ra4 52. Rh8 Rxa5 53. Rh5+ Ke6
54. Rxa5 Kf7 55. Rc5 Kg6 56. Kf4 Ba8 57. h5+ Kg7 58. Kf5 Kh6 59. Kxf6 Be4 60.
g5+ Kxh5 61. g6+ Kh6 62. g7 Kh7 63. Rh5+ {Black resigns} 1-0

[Event "Team 45 45 League T55"]
[Site "Internet Chess Club"]
[Date "2012.12.07"]
[Round "4"]
[White "Moondog"]
[Black "amicusUK"]
[Result "0-1"]
[WhiteElo "1671"]
[BlackElo "1634"]
[Opening "Old Indian defense"]
[ECO "A42"]
[Time "17:00:42"]
[TimeControl "2700+45"]

1. d4 d6 2. c4 e5 3. Nf3 e4 4. Nfd2 f5 5. e3 c5 6. d5 Nf6 7. f3 exf3 8. Qxf3 g6
9. Bd3 Bg7 10. O-O O-O 11. Nc3 Nbd7 12. e4 Ne5 13. Qe2 Nxd3 14. Qxd3 fxe4 15.
Ndxe4 Nxe4 16. Nxe4 Bf5 17. Qf3 Bxe4 18. Qxe4 Rxf1+ 19. Kxf1 Qf6+ 20. Qf3 Qd4
21. Be3 Qxc4+ 22. Kg1 Rf8 23. Qg3 Qxd5 24. Bf4 Bd4+ 25. Be3 Qe5 26. Bxd4 Qxd4+
{White resigns} 0-1

[Event "Team 45 45 League T55"]
[Site "Internet Chess Club"]
[Date "2012.12.09"]
[Round "4"]
[White "Dracoac"]
[Black "creditordebit"]
[Result "1/2-1/2"]
[WhiteElo "1797"]
[BlackElo "1822"]
[Opening "Réti opening"]
[ECO "B38"]
[Time "10:21:49"]
[TimeControl "2700+45"]

1. Nf3 c5 2. c4 Nf6 3. Nc3 g6 4. d4 cxd4 5. Nxd4 Bg7 6. e4 Nc6 7. Be3 d6 8. Be2
O-O 9. O-O Bd7 10. f3 Rc8 11. Rc1 Nxd4 12. Bxd4 Qa5 13. a3 Nh5 14. Nd5 Rfe8 15.
Bxg7 Kxg7 16. g4 Nf6 17. Nxf6 Qc5+ 18. Kg2 exf6 19. Re1 f5 20. b4 Qe5 21. gxf5
gxf5 22. exf5 Qf4 23. Rg1 Kh8 24. Qc2 Bxf5 25. Qc3+ Re5 26. Kh1 Qe3 27. Bd1 Be6
28. Bb3 b5 29. Rgd1 bxc4 30. Ba4 d5 31. Rd4 Rg8 32. Rdd1 Bh3 33. Qxe3 Rxe3 34.
Rg1 Rxf3 35. Rxg8+ Kxg8 36. Rg1+ Kf8 37. Rg3 Rf1+ 38. Rg1 Rf2 39. Bc6 d4 40. Rg3
d3 41. Rxh3 d2 42. Ba4 Rf1+ 43. Kg2 d1=Q 44. Bxd1 Rxd1 45. Rxh7 Rd3 46. Rh8+ Ke7
47. Rc8 c3 48. h3 Kd7 49. Rc5 Kd6 50. h4 Ke6 51. h5 Kf6 52. Kf2 c2 53. Rxc2 Rxa3
54. b5 Ra5 55. Rc5 Kg7 56. Ke3 a6 57. h6+ Kh7 58. Rf5 Rxb5 59. Rxf7+ {Game drawn
by mutual agreement} 1/2-1/2

[Event "Team 45 45 League T55"]
[Site "Internet Chess Club"]
[Date "2012.12.08"]
[Round "4"]
[White "fishhead"]
[Black "CzwartyWymiar"]
[Result "0-1"]
[WhiteElo "1756"]
[BlackElo "1810"]
[Opening "Sicilian: Pelikan, Chelyabinsk variation"]
[ECO "B33"]
[Time "14:00:40"]
[TimeControl "2700+45"]

1. e4 c5 2. Nf3 Nc6 3. d4 cxd4 4. Nxd4 Nf6 5. Nc3 e5 6. Ndb5 d6 7. Bg5 a6 8. Na3
b5 9. Nd5 Be7 10. Bxf6 Bxf6 11. c4 b4 12. Nc2 a5 13. Be2 O-O 14. Bg4 Be6 15. O-O
Bg5 16. g3 Ne7 17. Nce3 Bxe3 18. Nxe3 Rc8 19. b3 Nc6 20. Kg2 Nd4 21. f4 a4 22.
f5 Bd7 23. f6 g6 24. Nd5 Ra8 25. Bxd7 Qxd7 26. Qd2 Kh8 27. Qh6 Rg8 28. Ne7 Qg4
29. Rae1 axb3 30. axb3 Ra2+ 31. Kh1 Nf3 32. Ra1 Rxh2+ 33. Qxh2 Nxh2 34. Nxg8
Nxf1 35. Nh6 Qxe4+ 36. Kg1 Qd4+ {White resigns} 0-1

[Event "Team 45 45 League T55"]
[Site "Internet Chess Club"]
[Date "2012.12.08"]
[Round "4"]
[White "razorbackchess4"]
[Black "prapad"]
[Result "0-1"]
[WhiteElo "1738"]
[BlackElo "1681"]
[Opening "English opening"]
[ECO "A10"]
[Time "20:01:12"]
[TimeControl "2700+45"]

1. c4 b6 2. d4 Bb7 3. Nf3 e6 4. g3 Bb4+ 5. Bd2 Bxf3 6. exf3 Bxd2+ 7. Qxd2 Nf6 8.
Bg2 d5 9. cxd5 exd5 10. O-O O-O 11. Nc3 Nbd7 12. f4 c6 13. b4 Rc8 14. Rab1 Re8
15. h3 Qc7 16. Rbc1 Qb7 17. g4 Ne4 18. Nxe4 dxe4 19. Rfe1 c5 20. bxc5 bxc5 21.
d5 Nf6 22. g5 Qxd5 23. Qc2 Nh5 24. Bxe4 Qd6 25. Bxh7+ Kh8 26. Rxe8+ Rxe8 27. Bd3
Nxf4 28. Bf1 Re5 29. h4 Ng6 30. Qb3 Nxh4 31. f4 Qd4+ 32. Kh2 Qxf4+ 33. Qg3 Qxc1
34. Qxe5 Nf3+ {White resigns} 0-1

[Event "Team 45 45 League T55"]
[Site "Internet Chess Club"]
[Date "2012.12.07"]
[Round "4"]
[White "jps7"]
[Black "Manch"]
[Result "1-0"]
[WhiteElo "1742"]
[BlackElo "1522"]
[Opening "King's Indian: Petrosian system"]
[ECO "E92"]
[Time "13:03:32"]
[TimeControl "2700+45"]

1. d4 Nf6 2. Nf3 g6 3. c4 Bg7 4. Nc3 O-O 5. e4 d6 6. Be2 e5 7. d5 c6 8. O-O cxd5
9. cxd5 Nbd7 10. h3 Nc5 11. Qc2 a5 12. Be3 b6 13. a3 Bd7 14. b4 axb4 15. axb4
Nb7 16. Bd3 Qc7 17. Qd2 Rxa1 18. Rxa1 Rb8 19. Ne1 Ne8 20. Rc1 Qd8 21. f3 f5 22.
Qf2 fxe4 23. fxe4 Bf6 24. Bxb6 Qe7 25. Nf3 Bg5 26. Be3 Bxe3 27. Qxe3 Nd8 28. b5
Nb7 29. b6 Nc5 30. Rb1 Qd8 31. Nxe5 Rxb6 32. Rxb6 Qxb6 33. Nxd7 Nxd7 34. Qxb6
Nxb6 35. Bb5 Nf6 36. Kf2 Nbd7 37. Bxd7 Nxd7 38. Nb5 Kf8 39. Nxd6 Ke7 40. Nc4 Nc5
41. Ke3 Kf6 42. g4 Kg5 43. e5 Kh4 44. e6 Nxe6 45. dxe6 Kxh3 46. e7 Kxg4 47. e8=Q
h5 48. Qxg6+ Kh4 49. Ne5 {Black resigns} 1-0

[Event "Team 45 45 League T55"]
[Site "Internet Chess Club"]
[Date "2012.12.09"]
[Round "4"]
[White "HomerSimpson"]
[Black "room-matt"]
[Result "1-0"]
[WhiteElo "2072"]
[BlackElo "1792"]
[Opening "Polish (Sokolsky) opening"]
[ECO "A00"]
[Time "11:33:02"]
[TimeControl "2700+45"]

1. b4 e5 2. Bb2 Bxb4 3. Bxe5 Nf6 4. Nc3 Nc6 5. Bxf6 Qxf6 6. Nd5 Qd6 7. c4 O-O 8.
Rb1 Re8 9. Nf3 Ba5 10. g3 b6 11. Bg2 Ba6 12. Qc2 Rab8 13. e3 Nb4 14. Nxb4 Bxb4
15. Ng5 g6 16. Ne4 Qe7 17. Qb2 Ba3 18. Nf6+ Kh8 19. Qc3 Qe5 20. Qxa3 Qxf6 21.
Qxa6 Qd4 22. O-O Qd3 23. Qxa7 Qxc4 24. Rfc1 Qd3 25. Qxc7 Qxd2 26. Qc3+ Qxc3 27.
Rxc3 Kg7 28. Rcb3 Re6 29. a4 Rd6 30. a5 b5 31. Rxb5 Rxb5 32. Rxb5 Rd1+ 33. Bf1
Ra1 34. Kg2 f5 35. Rd5 Kf6 36. a6 Ke7 37. Bb5 d6 38. Rd4 h6 39. Ra4 {Black
resigns} 1-0

[Event "Team 45 45 League T55"]
[Site "Internet Chess Club"]
[Date "2012.12.10"]
[Round "4"]
[White "Goli"]
[Black "mongmong"]
[Result "1-0"]
[WhiteElo "1859"]
[BlackElo "1626"]
[Opening "French: exchange variation"]
[ECO "C01"]
[Time "17:07:59"]
[TimeControl "2700+45"]

1. e4 e6 2. d4 d5 3. exd5 exd5 4. Bd3 Nf6 5. Ne2 Bd6 6. Bg5 Bg4 7. f3 Bh5 8.
Nbc3 c6 9. Qd2 Nbd7 10. O-O-O Qc7 11. Rde1 O-O-O 12. Bf5 Bg6 13. Bxg6 fxg6 14.
Nf4 Bxf4 15. Bxf4 Qa5 16. Re7 Rhg8 17. Rhe1 Rde8 18. Qe2 Qd8 19. g4 Rxe7 20.
Qxe7 Re8 21. Qxd8+ Kxd8 22. Rxe8+ Kxe8 23. Ne2 Kf7 24. h4 a6 25. Kd2 Nf8 26. Ke3
Ne6 27. Be5 Nd7 28. f4 Nf6 29. Bxf6 gxf6 30. f5 Ng7 31. fxg6+ hxg6 32. Kf4 Ne6+
33. Ke3 Nc7 34. h5 Ne6 35. Nf4 g5 36. Ne2 Ng7 37. Ng3 Ne8 38. Nf5 b6 39. b3 Ng7
40. Nd6+ Kg8 41. Nc8 b5 42. Ne7+ Kh7 43. Nxc6 Nxh5 44. gxh5 Kh6 45. Ne7 Kxh5 46.
Nxd5 f5 47. Ne7 Kg4 48. d5 f4+ 49. Kf2 Kh5 50. d6 {Black resigns} 1-0

[Event "Team 45 45 League T55"]
[Site "Internet Chess Club"]
[Date "2012.12.08"]
[Round "4"]
[White "ElMarginal"]
[Black "Duguesclin"]
[Result "0-1"]
[WhiteElo "1436"]
[BlackElo "1660"]
[Opening "Sicilian: Grand Prix attack"]
[ECO "B21"]
[Time "16:30:56"]
[TimeControl "2700+45"]

1. e4 c5 2. f4 d6 3. Nf3 Bg4 4. Bc4 e6 5. O-O Nc6 6. c3 Nf6 7. Qe2 Be7 8. d3 O-O
9. Be3 a6 10. Bb3 Qc7 11. Nbd2 b5 12. Rac1 Rad8 13. h3 Bxf3 14. Qxf3 e5 15. Bd1
exf4 16. Bxf4 Ne5 17. Qg3 Ng6 18. Be3 Nd7 19. Bb3 Nde5 20. Bc2 Bh4 21. Qh2 Qd7
22. d4 cxd4 23. cxd4 Nc4 24. Nxc4 bxc4 25. Bb1 Qb5 26. g3 Bf6 27. h4 h6 28. Bxh6
Bxd4+ 29. Kh1 gxh6 30. Rcd1 Be5 31. Rf3 Qxb2 32. Qxb2 Bxb2 33. Kg2 Ne5 34. Rf4
Kg7 35. g4 c3 36. Bc2 Nc4 37. Kg3 Ne3 {White resigns} 0-1

[Event "Team 45 45 League T55"]
[Site "Internet Chess Club"]
[Date "2012.12.10"]
[Round "4"]
[White "Ayensa80"]
[Black "laotse"]
[Result "1-0"]
[WhiteElo "1700"]
[BlackElo "1416"]
[Opening "Sicilian: Canal-Sokolsky attack, Sokolsky variation"]
[ECO "B52"]
[Time "12:01:01"]
[TimeControl "2700+45"]

1. e4 c5 2. Nf3 d6 3. Bb5+ Bd7 4. Bxd7+ Qxd7 5. c4 Nc6 6. Nc3 g6 7. d3 Bg7 8.
Be3 e6 9. Qd2 Nge7 10. a3 Nd4 11. Bxd4 cxd4 12. Nb5 e5 13. Qb4 Rd8 14. Nxa7 O-O
15. h3 f5 16. Nd2 f4 17. Nf3 h6 18. O-O-O Nc6 19. Nxc6 bxc6 20. Nh4 Kh7 21. Kc2
d5 22. f3 Rb8 23. Qe1 Qb7 24. b4 Qa6 25. Kb3 Ra8 26. Ra1 Qa4+ 27. Kb2 dxc4 28.
dxc4 Rfb8 29. Qd1 Qa6 30. Qb3 Bf6 31. g3 fxg3 32. Ng2 Bg5 33. Rhd1 Rb7 34. h4
Be7 35. f4 Bf6 36. Rd3 exf4 37. Nxf4 Bxh4 38. Rh1 Bg5 39. Ne6 Be7 40. Rxg3 c5
41. Rxh6+ Kxh6 42. Rh3+ {Black resigns} 1-0

[Event "Team 45 45 League T55"]
[Site "Internet Chess Club"]
[Date "2012.12.08"]
[Round "4"]
[White "cesaralexander"]
[Black "minke"]
[Result "1-0"]
[WhiteElo "1930"]
[BlackElo "1896"]
[Opening "Modern defense"]
[ECO "A87"]
[Time "23:02:56"]
[TimeControl "2700+45"]

1. d4 g6 2. c4 Bg7 3. Nc3 f5 4. g3 Nf6 5. Bg2 d6 6. Nf3 O-O 7. O-O Qe8 8. d5 a5
9. Qc2 Na6 10. a3 h6 11. Be3 Ng4 12. Bd4 Ne5 13. Nd2 g5 14. f4 Ng4 15. Bxg7 Kxg7
16. Nb5 Bd7 17. Qc3+ Kh7 18. Nd4 a4 19. h3 Nf6 20. fxg5 hxg5 21. Nxf5 Bxf5 22.
Rxf5 Qg6 23. Raf1 Nc5 24. Qe3 Rae8 25. Rxg5 Qh6 26. Ne4 Ncxe4 27. Bxe4+ Nxe4 28.
Qxe4+ Kh8 29. Rxf8+ Rxf8 30. Qg4 {Black resigns} 1-0

[Event "Team 45 45 League T55"]
[Site "Internet Chess Club"]
[Date "2012.12.10"]
[Round "4"]
[White "cityprosecutor"]
[Black "badmove"]
[Result "1/2-1/2"]
[WhiteElo "1762"]
[BlackElo "1705"]
[Opening "Ruy Lopez: Berlin defense, Nyholm attack"]
[ECO "C44"]
[Time "17:10:16"]
[TimeControl "2700+45"]

1. e4 e5 2. Nf3 Nc6 3. d4 exd4 4. Bb5 Nf6 5. O-O a6 6. Ba4 Be7 7. e5 Ne4 8. Nxd4
O-O 9. Re1 Nc5 10. Bxc6 dxc6 11. b3 f5 12. Bb2 Ne6 13. Qd3 Nxd4 14. Qxd4 Be6 15.
Qe3 f4 16. Qc3 g5 17. Nd2 g4 18. Rad1 Qe8 19. g3 Qh5 20. Ne4 f3 21. Nf6+ Bxf6
22. exf6 Rf7 23. Qd3 Qh3 24. Qf1 Qxf1+ 25. Kxf1 Bf5 26. c4 c5 27. Re7 Kf8 28.
Re5 Rxf6 29. Rxc5 Rf7 30. Rdd5 Bg6 31. Rd4 Re8 32. Ba3 Kg8 33. Bc1 h5 34. Bf4
Rfe7 35. Be3 Rf7 {Game drawn by mutual agreement} 1/2-1/2

[Event "Team 45 45 League T55"]
[Site "Internet Chess Club"]
[Date "2012.12.08"]
[Round "4"]
[White "Schack"]
[Black "AVEMARIA"]
[Result "1/2-1/2"]
[WhiteElo "1693"]
[BlackElo "1698"]
[Opening "Bird's opening"]
[ECO "A03"]
[Time "15:00:50"]
[TimeControl "2700+45"]

1. f4 d5 2. Nf3 Nf6 3. e3 Bg4 4. h3 Bd7 5. b3 c5 6. Bb2 Nc6 7. Bb5 e6 8. O-O d4
9. exd4 cxd4 10. Bxc6 Bxc6 11. Bxd4 Bxf3 12. Bxf6 Bc5+ 13. Kh1 Bxd1 14. Bxd8
Bxc2 15. Bc7 Bd4 16. Nc3 O-O 17. Rac1 Bg6 18. Be5 Bxe5 19. fxe5 Rfd8 20. Rfd1 a6
21. d4 b5 22. Ne2 Bh5 23. g4 Bg6 24. Nf4 Be4+ 25. Kg1 g6 26. Rc5 Rac8 27. Rxc8
Rxc8 28. Rd2 Rc1+ 29. Kh2 Rh1+ 30. Kg3 Rg1+ 31. Kh2 Rh1+ 32. Kg3 h5 33. gxh5 g5
34. Ng2 Bf5 35. h4 Rh3+ 36. Kf2 gxh4 37. Kg1 Be4 38. Re2 Bd5 39. Rf2 Rg3 40. Kh2
Be4 41. Nxh4 Rg5 42. h6 Rh5 43. Rf4 Bd5 44. Kg3 {Game drawn by mutual agreement}
1/2-1/2

[Event "Team 45 45 League T55"]
[Site "Internet Chess Club"]
[Date "2012.12.06"]
[Round "4"]
[White "mmf00"]
[Black "fledermaus"]
[Result "1/2-1/2"]
[WhiteElo "2034"]
[BlackElo "1950"]
[Opening "Sicilian: Alapin's variation (2.c3)"]
[ECO "B22"]
[Time "17:01:10"]
[TimeControl "2700+45"]

1. e4 c5 2. c3 d5 3. exd5 Qxd5 4. d4 Nf6 5. Nf3 Bg4 6. dxc5 Qxd1+ 7. Kxd1 e5 8.
b4 e4 9. h3 Bh5 10. g4 Nxg4 11. hxg4 Bxg4 12. Nd2 exf3 13. Bd3 h5 14. Be4 Nc6
15. Bxf3 Bxf3+ 16. Nxf3 Be7 17. Kc2 O-O-O 18. Be3 Bf6 19. Rab1 Ne5 20. Nxe5 Bxe5
21. b5 Kc7 22. a4 h4 23. Bg5 Rd5 24. Be3 h3 25. c6 bxc6 26. c4 Rdd8 27. Bxa7
cxb5 28. axb5 g5 29. c5 Rh4 30. Bb6+ Kc8 31. Bxd8 Kxd8 32. c6 Kc7 33. b6+ Kxc6
34. Kd3 f5 35. b7 Rh8 36. Rhc1+ Kd7 37. Rc5 Bd6 38. Rcc1 h2 39. Rh1 g4 40. Kd4
f4 41. Ke4 Re8+ 42. Kd3 g3 43. fxg3 fxg3 44. Rb2 Rg8 45. Rg2 Rb8 46. Rb1 Kc6 47.
Rc2+ Bc5 48. Rbc1 Kxb7 49. Rxc5 Rd8+ 50. Ke3 g2 51. Rb1+ Ka6 52. Rc6+ Ka7 53.
Rcc1 {Game drawn by mutual agreement} 1/2-1/2

[Event "Team 45 45 League T55"]
[Site "Internet Chess Club"]
[Date "2012.12.08"]
[Round "4"]
[White "rook9999"]
[Black "calily"]
[Result "1-0"]
[WhiteElo "1929"]
[BlackElo "1750"]
[Opening "French: exchange variation"]
[ECO "C01"]
[Time "09:37:24"]
[TimeControl "2700+45"]

1. e4 e6 2. d4 d5 3. exd5 exd5 4. Bd3 Bd6 5. Nc3 c6 6. Nge2 Nf6 7. Bf4 Bg4 8.
Qd2 Bxe2 9. Nxe2 O-O 10. f3 Qc7 11. O-O-O Re8 12. Bxd6 Qxd6 13. g4 Qe6 14. Ng3
h6 15. Nf5 Qc8 16. Nd6 Qc7 17. Nxe8 Nxe8 18. h4 Nd7 19. g5 h5 20. g6 f6 21. f4
Nd6 22. Qe2 Nf5 23. Qe6+ {Black resigns} 1-0

[Event "Team 45 45 League T55"]
[Site "Internet Chess Club"]
[Date "2012.12.05"]
[Round "4"]
[White "nursey"]
[Black "juniorVishy"]
[Result "0-1"]
[WhiteElo "1631"]
[BlackElo "1805"]
[Opening "QGD semi-Slav: Chigorin defense"]
[ECO "D46"]
[Time "15:45:35"]
[TimeControl "2700+45"]

1. d4 d5 2. c4 c6 3. Nf3 Nf6 4. Nc3 e6 5. e3 Nbd7 6. Bd3 Bd6 7. O-O O-O 8. b3
Re8 9. h3 dxc4 10. bxc4 e5 11. dxe5 Nxe5 12. Nxe5 Bxe5 13. Bb2 Be6 14. Rb1 Qe7
15. Na4 Bxb2 16. Nxb2 Rad8 17. Qa4 Qc5 18. Rfd1 Nd7 19. Bc2 b5 20. cxb5 cxb5 21.
Qe4 Nf6 22. Rxd8 Rxd8 23. Na4 bxa4 24. Qxa4 h6 25. Rb7 Ra8 26. a3 Nd5 27. Be4
Nc3 28. Qc6 Nxe4 29. Qxe4 Bd5 30. Rc7 Bxe4 31. Rxc5 a6 32. Rc7 Bd3 33. Rd7 Bb5
34. Rc7 Rd8 35. Kh2 Rd3 36. Rc8+ Kh7 37. Rc7 Kg6 38. Kg3 Rxa3 39. Kf4 Bf1 40.
Rc6+ Kh7 41. Kf3 a5 42. Rd6 a4 43. Rd8 Rb3 44. Ra8 a3 45. h4 Bd3 46. h5 Bb1 47.
Kf4 a2 48. f3 Rb2 49. g4 Bc2 50. Ke5 Bb3 51. e4 Rb1 {White resigns} 0-1

[Event "Team 45 45 League T55"]
[Site "Internet Chess Club"]
[Date "2012.12.10"]
[Round "4"]
[White "blackcatdillac"]
[Black "mitus"]
[Result "1-0"]
[WhiteElo "1867"]
[BlackElo "1741"]
[Opening "Queen's pawn game"]
[ECO "A46"]
[Time "16:13:20"]
[TimeControl "2700+45"]

1. d4 Nf6 2. Nf3 e6 3. Bf4 d5 4. e3 Nbd7 5. h3 Be7 6. Bd3 O-O 7. Nbd2 c5 8. c3
b6 9. O-O Bb7 10. Ne5 Nxe5 11. dxe5 Nd7 12. Qh5 f5 13. Nf3 Qe8 14. Qxe8 Raxe8
15. Bb5 Bc8 16. Rfd1 a6 17. Bc6 Rd8 18. c4 Nb8 19. cxd5 Nxc6 20. dxc6 Rxd1+ 21.
Rxd1 Rd8 22. Rxd8+ Bxd8 23. Nd2 b5 24. e4 g6 25. Be3 Be7 26. f4 c4 27. Bb6 Bb4
28. Nf3 fxe4 29. Ng5 e3 30. Bxe3 Ba5 31. Ne4 Bc7 32. Nd6 Bxd6 33. exd6 Kf7 34.
Bc5 Ke8 35. Kf2 Kd8 36. Ke3 a5 37. Kd4 {Black resigns} 1-0

[Event "Team 45 45 League T55"]
[Site "Internet Chess Club"]
[Date "2012.12.09"]
[Round "4"]
[White "hondocando"]
[Black "mellizas2003"]
[Result "0-1"]
[WhiteElo "1634"]
[BlackElo "1715"]
[Opening "French defense"]
[ECO "C00"]
[Time "08:30:54"]
[TimeControl "2700+45"]

1. e4 e6 2. Nc3 d5 3. exd5 exd5 4. d4 Nf6 5. Be3 Bd6 6. h3 c6 7. Qd2 Bf5 8. Bd3
Bg6 9. Nf3 Nbd7 10. O-O O-O 11. Rae1 Re8 12. Bg5 Qc7 13. Re2 Rxe2 14. Qxe2 Re8
15. Qd2 Ne4 16. Bxe4 Bxe4 17. Nxe4 Rxe4 18. Re1 Rxe1+ 19. Qxe1 g6 20. Bh6 Nf6
21. g4 Qb6 22. b3 Qa6 23. a4 Qb6 24. Qe3 c5 25. c3 Qxb3 26. Nd2 Qxa4 27. g5 Nh5
28. dxc5 Bf8 29. Kg2 Nf4+ 30. Kf3 Bxh6 31. gxh6 Ne6 32. Ke2 Qb5+ 33. Kd1 Qxc5
34. Qe5 d4 35. Qb8+ Nf8 36. Ne4 Qh5+ 37. Kc2 Qe2+ 38. Nd2 d3+ 39. Kb3 Qxd2 40.
f4 Qc2+ 41. Kc4 f6 42. Qxb7 Qa2+ 43. Kxd3 Qf7 44. Qxf7+ Kxf7 45. Kc4 Ne6 46. Kb5
Nxf4 47. h4 Ne6 48. Ka6 f5 {White resigns} 0-1